 Dungeon Crawl Stone Soup version 0.21.1-1-g345015f (console) character file.

146 tminei the Caller (level 5, -12/36 HPs)
             Began as a Merfolk Summoner on July 21, 2018.
             Mangled by poirepourri's ghost (15 damage)
             ... on level 4 of the Dungeon.
             The game lasted 00:26:44 (4080 turns).

tminei the Caller (Merfolk Summoner)                Turns: 4080, Time: 00:26:45

Health: -12/36     AC:  4    Str:  9    XL:     5   Next: 28%
Magic:  2/10       EV: 13    Int: 15    God:
Gold:   210        SH:  4    Dex: 14    Spells: 1/10 levels left

rFire    . . .     SeeInvis +   p - +0 quarterstaff
rCold    . . .     Gourm    .   (shield currently unavailable)
rNeg     . . .     Faith    .   r - +0 robe
rPois    .         Spirit   .   h - +0 helmet
rElec    .         Reflect  +   (no cloak)
rCorr    .         Harm     .   (no gloves)
MR       .....                  t - +0 pair of boots
Stlth    ++........             j - +4 amulet of reflection
HPRegen  0.12/turn              v - ring of see invisible
MPRegen  0.12/turn              (no ring)

@: no status effects
A: change form in water, swift swim, stealthy swim
a: no special abilities


You were on level 4 of the Dungeon.
You were not hungry.

You visited 1 branch of the dungeon, and saw 4 of its levels.

You collected 210 gold pieces.

Inventory:

Hand Weapons
 l - a +0 dagger
 p - a +0 quarterstaff (weapon)
Missiles
 g - 36 bolts
 w - 36 stones (quivered)
Armour
 a - a +0 robe
 h - a +0 helmet (worn)
 r - a +0 robe (worn)
 t - a +0 pair of boots (worn)
Jewellery
 j - a +4 amulet of reflection (around neck)
 m - a cursed ring of teleportation
 q - an uncursed amulet of the gourmand
 v - a ring of see invisible (left hand)
Wands
 f - a wand of polymorph (14)
Scrolls
 e - 3 scrolls of remove curse
Potions
 d - a potion of heal wounds {unknown}
 i - a potion of ambrosia {unknown}
 k - a potion of berserk rage {unknown}
 s - 3 potions of flight {unknown}
Books
 b - a book of Callings

   Spells                             Type                      Level
   a - Summon Small Mammal            Summoning                    1
   b - Call Imp                       Summoning                    2
   c - Call Canine Familiar           Summoning                    3
   d - Summon Guardian Golem          Hexes/Summoning              3
   e - Summon Lightning Spire         Summoning/Air                4
   f - Summon Ice Beast               Ice/Summoning                4
 u - Duseh's Almanac of Malediction
   (You found it on level 4 of the Dungeon)

   Spells                             Type                      Level
   a - Corona                         Hexes                        1
   b - Dazzling Spray                 Conjuration/Hexes            3
   c - Metabolic Englaciation         Hexes/Ice                    5
Comestibles
 c - 8 rations
 n - 2 chunks of flesh


   Skills:
 + Level 0.9 Fighting
 + Level 0.3 Staves
 + Level 3.3 Dodging
 + Level 2.4 Stealth
 + Level 0.3 Unarmed Combat
 + Level 3.4 Spellcasting
 + Level 5.0 Summonings


You had one spell level left.
You knew the following spells:

 Your Spells              Type           Power        Failure   Level  Hunger
a - Summon Small Mammal   Summ           ###.         2%          1    None
b - Call Imp              Summ           ###.....     3%          2    ##.....
c - Call Canine Familiar  Summ           ###.....     8%          3    ###....
d - Dazzling Spray        Conj/Hex       #.....       50%         3    ###....


Dungeon Overview and Level Annotations

Branches:
Dungeon (4/15)
 Temple: D:4-7

Altars:
Uskayaw
Vehumet

Annotations:
D:4 poirepourri's ghost, novice DDFi


Message History

You swap places.
Your hound bites poirepourri's ghost.
Your hound closely misses poirepourri's ghost.
Poirepourri's ghost hits your hound!
Your hound barely misses poirepourri's ghost.
Poirepourri's ghost closely misses your hound.
Your hound barely misses poirepourri's ghost.
Your hound bites poirepourri's ghost.
Poirepourri's ghost hits your hound!
Your hound dies!
Your hound's corpse disappears in a puff of smoke!
Your crimson imp hits poirepourri's ghost but does no damage.
Found an escape hatch in the ceiling.
Poirepourri's ghost shouts, "Very impressive.
But it won't help.
Nothing will."
As you read the scroll labeled IREID BECILAAK, it crumbles to dust.
You assume a fearsome visage.
Poirepourri's ghost is unaffected.
It was a scroll of fear.
You hear the quick hiss of a distant avalanche of sand.
Poirepourri's ghost mumbles, "They all look like pillowcases to me..."
Sorry, you're not good enough to have a special ability.
Poirepourri's ghost hits you!
You die... ... Ї.!... ....ЇЇ..... Ї......... Ї......... ЇЇЇЇЇЇ

Ї........Ї Ї....Ї
Ї........ЇЇЇЇЇЇ
Ї....Ї
Ї............?Ї
Ї.@..Ї
Ї.............Ї
Ї..W.Ї
Ї.............Ї
Ї..5.Ї
Ї..........)..Ї
Ї....Ї
Ї........ЇЇЇЇЇЇ
Ї....ЇЇЇЇЇЇЇЇЇЇ....Ї
Ї........5.........Ї
Ї....ЇЇЇЇЇЇЇЇЇЇ....Ї
ЇЇЇ... Ї....Ї ЇЇЇ.Ї
Ї....Ї .Ї ЇЇ....Ї <Ї
Ї.....Ї .. Ї.....Ї
ЇЇ Ї.....Ї
Ї.....ЇЇЇЇ
ЇЇЇЇ...)..
Ї..Ї......
Ї..Ї......
Ї..ЇЇЇЇЇЇ.
Ї.........
ЇЇ.ЇЇЇЇЇЇ. ...Ї Ї.


ЇЇЇЇЇ ЇЇ You could see poirepourri's ghost and a friendly crimson imp.

Vanquished Creatures
  An adder (D:3)
  A dart slug (D:3)
  2 giant cockroaches
  A hobgoblin (D:3)
  A quokka (D:3)
  A ball python (D:2)
  3 bats
  2 frilled lizards (D:2)
  A kobold (D:2)
  3 rats
16 creatures vanquished.

Vanquished Creatures (collateral kills)
  Edmund (D:4)
  A bullfrog skeleton (D:4)
  2 adders (D:2)
  4 worms
  A dart slug (D:1)
  A leopard gecko (D:3)
  5 orcs (D:3)
  3 bats
  A giant cockroach (D:3)
  8 goblins
  A hobgoblin (D:1)
  3 jackals (D:1)
  2 frilled lizards (D:2)
  3 kobolds
  A rat (D:1)
37 creatures vanquished.

Grand Total: 53 creatures vanquished

Notes
Turn   | Place    | Note
-------+----------+-------------------------------------------
     0 | D:1      | tminei the Merfolk Summoner began the quest for the Orb.
     0 | D:1      | Reached XP level 1. HP: 13/13 MP: 3/3
   553 | D:1      | Reached skill level 3 in Dodging
   553 | D:1      | Reached XP level 2. HP: 10/19 MP: 0/5
   557 | D:1      | Learned a level 2 spell: Call Imp
  1483 | D:2      | Reached XP level 3. HP: 7/24 MP: 0/6
  1864 | D:2      | Found a hide-covered altar of Uskayaw.
  2350 | D:2      | Learned a level 3 spell: Call Canine Familiar
  2849 | D:3      | Found a radiant altar of Vehumet.
  3250 | D:3      | Reached XP level 4. HP: 16/31 MP: 1/8
  3590 | D:4      | Reached skill level 3 in Spellcasting
  3595 | D:4      | Identified Duseh's Almanac of Malediction
  3602 | D:4      | Learned a level 3 spell: Dazzling Spray
  3681 | D:4      | Noticed a phantom
  3708 | D:4      | Noticed poirepourri's ghost (novice DDFi)
  3926 | D:4      | Noticed Edmund
  3952 | D:4      | HP: 2/31 [Edmund/flail of crushing (10)]
  3955 | D:4      | Killed Edmund
  3955 | D:4      | Reached skill level 5 in Summonings
  3955 | D:4      | Reached XP level 5. HP: 1/36 MP: 1/10
  4067 | D:4      | HP: 2/36 [poirepourri's ghost (13)]
  4080 | D:4      | Mangled by poirepourri's ghost

Skill      XL: |  1  2  3  4 |
---------------+-------------+-----
Dodging        | 3 |  3.3
Spellcasting   | 3 |  3.4
Summonings     | 5 |  5.0
Fighting       | |  0.9
Staves         | |  0.3
Stealth        | |  2.4
Unarmed Combat | |  0.3

Action                   |  1- 3 |  4- 6 || total
-------------------------+-------+-------++-------
Melee: Unarmed           |    45 |       ||    45
       Dagger            |    28 |       ||    28
       Quarterstaff      |    10 |    20 ||    30
 Cast: Summon Small Mamm |    53 |    11 ||    64
       Call Imp          |    33 |    18 ||    51
       Call Canine Famil |     3 |     3 ||     6
Evoke: Wand              |     1 |       ||     1
  Use: Scroll            |     4 |     2 ||     6
       Potion            |     1 |       ||     1
 Stab: Distracted        |     1 |     2 ||     3
  Eat: Chunk             |     7 |     2 ||     9
       Ration            |     1 |     1 ||     2
Armor: Robe              |    42 |     8 ||    50
Dodge: Dodged            |   128 |    19 ||   147
Block: Other             |     9 |     8 ||    17
